 Dungeon Crawl Stone Soup version 0.26-a0-651-gb41185065b (webtiles) character file.

Game seed: 7206870760258893008

11700 ipx the Thaumaturge (level 11, 0/59 HPs)
             Began as a Deep Elf Earth Elementalist on Oct 31, 2020.
             Was a Priest of Sif Muna.
             Slain by a two-headed ogre
             ... wielding a +0 giant club
              (34 damage)
             ... on level 14 of the Dungeon.
             The game lasted 01:21:45 (4274 turns).

ipx the Thaumaturge (Deep Elf Earth Elementalist)   Turns: 4274, Time: 01:21:46

Health: 0/59       AC:  7    Str:  5    XL:     11   Next: 52%
Magic:  3/28       EV: 22    Int: 27    God:    Sif Muna [***...]
Gold:   543        SH:  0    Dex: 23    Spells: 12/32 levels left

rFire    . . .     SeeInvis +   a - +1 hand axe (elec)
rCold    . . .     Faith    .   (no shield)
rNeg     + . .     Spirit   .   p - +0 leather armour {MR+}
rPois    .         Reflect  .   m - +0 helmet
rElec    .         Harm     .   w - +0 cloak
rCorr    .         Rampage  .   (no gloves)
MR       +++..                  z - +1 pair of boots {Stlth+}
Stlth    ++++......             (no amulet)
HPRegen  0.19/turn              d - +6 ring of dexterity
MPRegen  0.21/turn              A - ring of Ekhlustru {*Contam rN+ MR+ EV+4 Int+3}

@: no status effects
A: thin skeletal structure 1, see invisible
a: Channel Magic, Forget Spell, Renounce Religion


You were on level 14 of the Dungeon.
You worshipped Sif Muna.
Sif Muna was most pleased with you.
You visited 2 branches of the dungeon, and saw 15 of its levels.

You collected 569 gold pieces.
You spent 26 gold pieces at shops.

Inventory:

Hand Weapons
 a - a +1 hand axe of electrocution (weapon)
 b - a +1 dagger of venom
 h - a +0 lajatang
Missiles
 y - a throwing net
 E - 89 stones (quivered)
Armour
 m - a +0 helmet (worn)
 p - a +0 leather armour of magic resistance (worn)
 w - a +0 cloak (worn)
 z - a +1 pair of boots of stealth (worn)
Jewellery
 d - a +6 ring of dexterity (left hand)
 s - an uncursed ring of stealth
 A - the ring of Ekhlustru (right hand) {*Contam rN+ MR+ EV+4 Int+3}
   (You found it on level 12 of the Dungeon)

   [ring of evasion]

   It affects your evasion (+4).
   It affects your intelligence (+3).
   It protects you from negative energy.
   It affects your resistance to hostile enchantments.
   It causes magical contamination when unequipped.
 F - an uncursed ring of protection from fire
Wands
 l - a wand of iceblast (13)
 v - a wand of polymorph (23)
 C - a wand of acid (8)
Scrolls
 i - 2 scrolls of enchant armour
 k - a scroll of immolation {unknown}
 n - a scroll of teleportation
 r - a scroll of enchant weapon {unknown}
 B - a scroll of summoning {unknown}
 G - a scroll of amnesia {unknown}
Potions
 c - a potion of magic
 e - a potion of berserk rage {unknown}
 f - 3 potions of heal wounds
 g - a potion of mutation
 o - 4 potions of curing
 q - a potion of brilliance
 t - a potion of stabbing
 u - a potion of might {unknown}
 x - 3 potions of flight {unknown}
 D - a potion of lignification


   Skills:
 + Level 2.9 Fighting
 + Level 8.1 Dodging
 - Level 2.4 Stealth
 + Level 11.2 Spellcasting
 + Level 5.6 Conjurations
 + Level 2.3 Transmutations
 - Level 3.0 Air Magic
 - Level 11.0 Earth Magic
 - Level 3.0 Poison Magic
 - Level 9.0 Invocations
 - Level 2.0 Evocations


You had 12 spell levels left.
You knew the following spells:

 Your Spells              Type           Power        Failure   Level
d - Lee's Rapid Deconstr  Erth           ######....   1%          5
m - Mephitic Cloud        Conj/Pois/Air  #####...     3%          3
q - Sandblast             Erth           ######       1%          1
r - Stone Arrow           Conj/Erth      ######       1%          3
u - Poisonous Vapours     Pois/Air       ####..       2%          2
w - Passwall              Tmut/Erth      ######..     1%          2
y - Petrify               Tmut/Erth      ######..     4%          4

Your spell library contained the following spells:

 Spells                   Type           Power        Failure   Level
 Sting                    Tmut/Pois      ####         1%          1
 Summon Small Mammal      Summ           ###.         6%          1
 Ignite Poison            Fire/Tmut/Pois ###.....     9%          3
 Call Imp                 Summ           ###.....     10%         2
 Call Canine Familiar     Summ           ###.....     19%         3
 Summon Guardian Golem    Hex/Summ       ###.....     19%         3
 Olgreb's Toxic Radiance  Pois           ####....     19%         4
 Summon Lightning Spire   Summ/Air       ###.....     34%         4
 Summon Ice Beast         Ice/Summ       ###.....     54%         4


Dungeon Overview and Level Annotations

Branches:
Dungeon (14/15)            Temple (1/1) D:7            Lair (0/6) D:8
    Orc (0/2) D:9
 Vaults: D:13-14

Altars:
Dithmenos
Elyvilon
Fedhas
Gozag
Hepliaklqana
Kikubaaqudgha
Makhleb
Nemelex Xobeh
Okawaru
Qazlal
Ru
Sif Muna
Trog
Uskayaw
Wu Jian
Xom
Zin
The Shining One

Shops:
D:6 *   D:7 }   D:11 =

Annotations:
D:6 Eustachio
D:13 2 transporters, Quinzzz's ghost, journeyman HOFi


Innate Abilities, Weirdness & Mutations

You have a somewhat thin skeletal structure. (Dex +2, Stealth)
You have supernaturally acute eyesight. (SInv)


Message History

The centaur hits you.
* * * LOW HITPOINT WARNING * * *
The centaur warrior completely misses you.
You feel much better. The centaur barely misses you.
The centaur warrior hits you.
Okay, then.
Okay, then.
Casting: Stone Arrow (safe; 1% risk of failure)
Confirm with . or Enter, or press ? or * to list all spells.
Press: ? - help, Shift-Dir - straight line, f - two-headed ogre, p - centaur warrior
Aim: a two-headed ogre, wielding two +0 giant clubs (black smoke, heavily wounded, chance to defeat MR: 55%)
The two-headed ogre is moving more slowly.
The centaur warrior misses you.
The centaur wields a +2 shortbow of freezing.
It is covered in frost.
The centaur shoots an arrow.
The arrow hits you. The arrow freezes you.
The centaur wields a +0 shortbow.
The centaur shoots an arrow.
The arrow misses you.
The two-headed ogre hits you with a +0 giant club!!
Ouch! That really hurt!
You die...

##.#### #.....#
#....<# #.....#
#.....# #.....#
###.###
##§#########
#§c@§c....c#
#...§§cOc§ccO...
#.##§§#####...##
# #..# .... #..#
... .... ..
##### .


You could see a centaur warrior, a two-headed ogre (petrifying) and 3 centaurs.

Vanquished Creatures
  A two-headed ogre (D:11)
  An ugly thing (D:9)
  A cyclops (D:11)
  A manticore (D:13)
  An elephant (D:8)
  2 centaur skeletons (D:13)
  A komodo dragon (D:11)
  2 trolls
  4 polar bears
  4 hippogriffs
  A wraith (D:10)
  6 yaks
  2 vampire mosquitoes
  2 basilisks (D:8)
  A water moccasin (D:8)
  5 orc warriors
  2 phantoms (D:12)
  2 sky beasts
  A black bear (D:11)
  2 ice beasts
  9 ogres
  5 centaurs (D:11)
  6 big kobolds (D:9)
  A bullfrog (D:13)
  3 gnoll sergeants (D:9)
  A water moccasin zombie (D:9)
  2 scorpions
  15 wights
  3 killer bees (D:11)
  3 howler monkeys
  An electric eel (D:9)
  A bullfrog zombie (D:11)
  A centaur zombie (D:5)
  2 quasits
  A bullfrog skeleton (D:8)
  An orc priest (D:5)
  10 hounds
  2 jellies (D:9)
  5 orc wizards
  An iguana (D:8)
  A killer bee zombie (D:8)
  5 worker ants
  A killer bee simulacrum (D:9)
  A worker ant zombie (D:7)
  Robin (D:2)
  12 gnolls
  3 adders
  2 shadow imps
  2 white imps
  5 ufetubi (D:9)
  An ooze (D:5)
  An adder skeleton (D:5)
  2 worms
  3 dart slugs
  6 leopard geckos
  28 orcs
  3 ball pythons
  5 bats
  5 giant cockroaches
  12 goblins
  9 hobgoblins
  6 jackals
  4 quokkas
  3 frilled lizards
  6 kobolds
  A leopard gecko zombie (D:7)
  7 rats
250 creatures vanquished.

Vanquished Creatures (others)
  A plant (D:8)
  8 withered plants (D:5)
9 creatures vanquished.

Grand Total: 259 creatures vanquished

Notes
Turn   | Place    | Note
-------+----------+-------------------------------------------
     0 | D:1      | ipx the Deep Elf Earth Elementalist began the quest for the
                  | Orb.
     0 | D:1      | Reached XP level 1. HP: 10/10 MP: 6/6
    57 | D:1      | Reached XP level 2. HP: 15/15 MP: 4/8
   271 | D:1      | Reached XP level 3. HP: 19/19 MP: 4/9
   276 | D:1      | Learned a level 3 spell: Stone Arrow
   394 | D:2      | Reached skill level 1 in Conjurations
   396 | D:2      | Noticed Robin
   418 | D:2      | Killed Robin
   535 | D:2      | Reached XP level 4. HP: 24/24 MP: 3/10
   605 | D:2      | Found a burning altar of Makhleb.
   609 | D:2      | Learned a level 2 spell: Passwall
   865 | D:5      | Entered Level 5 of the Dungeon
   865 | D:5      | Noticed an ice beast
   865 | D:5      | Noticed an ogre
   883 | D:4      | Found a glowing silver altar of Zin.
   944 | D:4      | Found a shimmering altar of Xom.
   947 | D:4      | Noticed an ogre
   951 | D:4      | Killed an ogre
   951 | D:4      | Reached skill level 5 in Earth Magic
   951 | D:4      | Reached skill level 1 in Evocations
   951 | D:4      | Reached XP level 5. HP: 28/28 MP: 6/11
   971 | D:5      | Found an ancient bone altar of Kikubaaqudgha.
  1031 | D:6      | Reached XP level 6. HP: 28/32 MP: 6/12
  1063 | D:6      | Found Pickucu's General Store.
  1072 | D:6      | Bought a scroll of fog for 26 gold pieces
  1138 | D:5      | Found an opulent altar of Gozag.
  1151 | D:5      | Found an iron altar of Okawaru.
  1242 | D:5      | Reached skill level 5 in Conjurations
  1279 | D:4      | Found a blossoming altar of Fedhas.
  1292 | D:5      | Reached XP level 7. HP: 36/36 MP: 7/13
  1305 | D:5      | Learned a level 2 spell: Poisonous Vapours
  1389 | D:5      | Reached skill level 1 in Poison Magic
  1399 | D:5      | Reached skill level 1 in Air Magic
  1629 | D:6      | Noticed Eustachio
  1643 | D:7      | Found Atimuboi's Gadget Shoppe.
  1675 | D:7      | Found a staircase to the Ecumenical Temple.
  1714 | Temple   | Entered the Ecumenical Temple
  1755 | Temple   | Became a worshipper of Sif Muna the Loreminder
  1857 | D:7      | Found a shadowy altar of Dithmenos.
  1883 | D:8      | Reached XP level 8. HP: 41/41 MP: 5/14
  1888 | D:8      | Learned a level 3 spell: Mephitic Cloud
  1987 | D:7      | You fall into a shaft and drop 3 floors!
  1987 | D:10     | Entered Level 10 of the Dungeon
  2003 | D:10     | Noticed a troll
  2012 | D:10     | Killed a troll
  2021 | D:10     | Reached skill level 5 in Spellcasting
  2022 | D:10     | Gained mutation: You have supernaturally acute eyesight.
                  | (SInv) [potion of mutation]
  2022 | D:10     | Gained mutation: You have a somewhat thin skeletal
                  | structure. (Dex +2, Stealth) [potion of mutation]
  2030 | D:10     | Noticed a hippogriff
  2073 | D:10     | Killed a hippogriff
  2163 | D:10     | Reached skill level 5 in Dodging
  2205 | D:9      | Reached XP level 9. HP: 20/45 MP: 3/20
  2327 | D:9      | Learned a level 5 spell: Lee's Rapid Deconstruction
  2380 | D:9      | Found a hide-covered altar of Uskayaw.
  2387 | D:9      | Noticed a white ugly thing
  2409 | D:9      | Noticed a polar bear
  2421 | D:9      | Killed a polar bear
  2437 | D:9      | Noticed a polar bear
  2447 | D:9      | Killed a polar bear
  2447 | D:9      | Reached * piety under Sif Muna
  2585 | D:8      | Reached skill level 1 in Invocations
  2841 | D:9      | Killed a white ugly thing
  2873 | D:8      | Reached skill level 10 in Earth Magic
  2903 | D:9      | Noticed a polar bear
  2903 | D:9      | Noticed a polar bear
  2947 | D:8      | Reached XP level 10. HP: 46/50 MP: 4/24
  2952 | D:8      | Noticed an elephant
  2964 | D:8      | Killed an elephant
  2964 | D:8      | Reached skill level 5 in Invocations
  2974 | D:8      | Found a staircase to the Lair.
  3068 | D:9      | Found a bloodstained altar of Trog.
  3159 | D:9      | Found a staircase to the Orcish Mines.
  3176 | D:9      | Reached ** piety under Sif Muna
  3306 | D:11     | Noticed a cyclops
  3315 | D:11     | Killed a cyclops
  3315 | D:11     | Reached skill level 10 in Spellcasting
  3362 | D:11     | Noticed a death knight
  3362 | D:11     | Noticed a phantasmal warrior
  3397 | D:11     | Reached skill level 1 in Fighting
  3397 | D:11     | Reached XP level 11. HP: 44/56 MP: 2/27
  3457 | D:11     | Found Gakim's Jewellery Shop.
  3656 | D:11     | Reached *** piety under Sif Muna
  3726 | D:11     | Noticed a two-headed ogre
  3735 | D:11     | Killed a two-headed ogre
  3842 | D:12     | Got a steaming jade ring
  3844 | D:12     | Identified the ring of Ekhlustru {*Contam rN+ MR+ EV+4
                  | Int+3} (You found it on level 12 of the Dungeon)
  3940 | D:12     | Learned a level 4 spell: Petrify
  4100 | D:13     | Found a transporter.
  4213 | D:13     | Found a transporter.
  4217 | D:13     | Noticed Quinzzz's ghost (journeyman HOFi)
  4262 | D:14     | Noticed a two-headed ogre
  4265 | D:14     | Noticed a centaur warrior
  4274 | D:14     | Slain by a two-headed ogre

Illustrated notes

Levels and vault maps discovered:
D:1:      minmay_arrival_open_corners, layout_basic
D:2:      layout_loops_ring, marbit_many_paths, overflow_temple_1_default,
          tgw_trog, serial_forest, infiniplex_forest_lined_3_way,
          infiniplex_forest_split, infiniplex_forest_end_3,
          infiniplex_forest_lined_2, infiniplex_forest_lined_3,
          chequers_ecumenical_altar_grove, minmay_pentomino_t4, uniq_jessica,
          uniq_robin, uniq_sigmund
D:3:      layout_rooms, lemuel_doored_altar, fiery_altar_vehumet,
          kennysheep_generic_room_8
D:4:      layout_loops_cross, tgw_xom, fedhas_altar_4, kennysheep_mini,
          skrybe_limestone_x, mrwooster_statue_mirror
D:5:      layout_cave_pools, kennysheep_mini_moat, kiku_gazebo_garden_becter,
          basic_altar
D:6:      layout_cave_pools, serial_shops, shop, uniq_eustachio
D:7:      minmay_angry_zag, layout_rooms, grunt_dithmenos_shadows,
          temple_doors_cd, serial_shops, nicolae_shop_waterfront
D:8:      layout_cave_pods, lemuel_coloured_pillars_altar, david_lair_generic,
          serial_glass, glass_columns_a, glass_columns_a
D:9:      layout_cave_pods, lemuel_round_altar,
          kennysheep_orc_monster_closet_entryway, basic_altar, serial_ice,
          serial_ice_j, serial_ice_d, serial_ice_h, serial_ice_e, serial_ice_b,
          serial_ice_a, serial_ice_c, serial_ice_o, serial_ice_n, serial_ice_f,
          serial_bayou_pond_e
D:10:     layout_long_grid, eino_jars
D:11:     layout_roguey, serial_shops, kennysheep_little_box
D:12:     kennysheep_snake, layout_irregular_city
D:13:     layout_roguey, gammafunk_ghost_stat_death
D:14:     layout_loops_ring, grunt_vaults_entry_fortified,
          ebering_dispersal_statue_hall, minmay_fire_ice_demons
Temple:   compressed_dpeg_triangle_lava_temple

Skill      XL: |  1  2  3  4  5  6  7  8  9 10 11 |
---------------+----------------------------------+-----
Earth Magic    | 4 5 6 7 8 10 11 | 11.0
Conjurations   | 2 3 5 |  5.6
Evocations     | 1 2 |  2.0
Poison Magic   | 3 |  3.0
Air Magic      | 3 |  3.0
Dodging        | 5 6 8 |  8.1
Spellcasting   | 6 8 10 11 | 11.2
Invocations    | 4 8 9 |  9.0
Fighting       | 1 2 |  2.9
Transmutations | 2 |  2.3
Stealth        | |  2.4

Action                   |  1- 3 |  4- 6 |  7- 9 | 10-12 || total
-------------------------+-------+-------+-------+-------++-------
Melee: Dagger            |    10 |     4 |    49 |    48 ||   111
       Hand axe          |       |       |       |     2 ||     2
Throw: Stone             |     1 |     3 |       |     1 ||     5
 Cast: Sandblast         |    51 |    46 |    74 |    78 ||   249
       Passwall          |       |     1 |       |       ||     1
       Stone Arrow       |       |     4 |    38 |    59 ||   101
       Poisonous Vapours |       |       |    34 |     9 ||    43
       Lee's Rapid Decon |       |       |     1 |    18 ||    19
       Mephitic Cloud    |       |       |       |     1 ||     1
       Petrify           |       |       |       |     3 ||     3
Invok: Channel Magic     |       |       |     1 |     6 ||     7
Evoke: Wand              |       |    21 |     3 |       ||    24
  Use: Scroll            |       |     6 |     6 |     4 ||    16
       Potion            |       |       |     7 |     3 ||    10
 Stab: Sleeping          |       |       |       |     1 ||     1
Armor: Robe              |     2 |     1 |       |       ||     3
       Leather armour    |       |       |    16 |    17 ||    33
Dodge: Dodged            |    12 |    19 |    58 |   151 ||   240

Table legend: (Time is in decaauts)
 A = Elapsed time spent in this place.
 B = Non-inter-level travel time spent in this place.
 C = Inter-level travel time spent in this place.
 D = Time resting spent in this place.
 E = Time spent auto-exploring this place.
 F = Levels seen in this place.
 G = Mean time per level.
                   A        B        C        D        E       F      G
               +--------+--------+--------+--------+--------+-----+--------+
         Total |   4498 |   4450 |     48 |      0 |      0 |  15 |  299.9 |
       Dungeon |   4442 |   4408 |     34 |      0 |      0 |  14 |  317.3 |
        Temple |     56 |     42 |     14 |      0 |      0 |   1 |   56.0 |
               +--------+--------+--------+--------+--------+-----+--------+

Top non-repeatable levels by time:
     D:9: 601 daAuts
    D:11: 585 daAuts
     D:5: 571 daAuts
     D:7: 463 daAuts
     D:8: 373 daAuts
     D:1: 337 daAuts
     D:2: 302 daAuts
    D:10: 252 daAuts
    D:13: 248 daAuts
     D:4: 241 daAuts
    D:12: 175 daAuts
     D:3: 159 daAuts
     D:6: 105 daAuts
  Temple: 56 daAuts
    D:14: 24 daAuts
